Map: Orbital Shipyard

Players

Neeblet (Neeb) - Winner!

  • Race: Protoss Protoss
  • League: Grandmaster

Dayshi

  • Race: Terran Terran
  • League: Grandmaster

Event: DreamHack ZOWIE Open Leipzig

VOD

Have the link to the VOD?

Description

Time

  • Played on: Jan. 22, 2016, 11:55 a.m.
  • Length: 11:11

All games in this series

Show
View Real Time Build Order
Export as new Build Order

Neeblet Protoss - Winner!

Build Orders: 1 Gate Expand 

Get SALT Encoding   

  12  0:01  Probe (Chrono Boost)  
  13  0:11  Probe (Chrono Boost)  
  14  0:17  Pylon  
  14  0:22  Probe (Chrono Boost)  
  15  0:35  Probe (Chrono Boost)  
  16  0:36  Gateway  
  16  0:46  Probe (Chrono Boost)  
  17  0:56  Probe (Chrono Boost)  
  18  0:57  Assimilator  
  18  1:07  Probe (Chrono Boost)  
  19  1:17  Nexus  
  19  1:27  Cybernetics Core  
  19  1:30  Probe (Chrono Boost)  
  20  1:37  Assimilator  
  20  1:41  Probe (Chrono Boost)  
  21  1:47  Pylon  
  21  1:51  Probe (Chrono Boost)  
  22  2:02  Probe (Chrono Boost)  
  22  2:05  Adept (Chrono Boost), Warp Gate  
  25  2:13  Probe (Chrono Boost)  
  26  2:23  Probe (Chrono Boost)  
  26  2:25  Robotics Facility  
  28  2:30  Probe (Chrono Boost)  
  28  2:34  Probe (Chrono Boost), Adept  
  31  2:40  Probe (Chrono Boost)  
  32  2:45  Probe (Chrono Boost)  
  32  2:51  Probe (Chrono Boost)  
  34  2:55  Probe (Chrono Boost)  
  35  3:01  Probe (Chrono Boost)  
  36  3:06  Probe (Chrono Boost)  
  36  3:11  Probe (Chrono Boost)  
  36  3:12  Warp Prism (Chrono Boost)  
  40  3:14  Robotics Bay  
  40  3:16  Probe  
  41  3:21  Probe  
  42  3:27  Assimilator  
  42  3:28  Probe  
  42  3:31  Probe  
  42  3:32  Assimilator  
  42  3:34  Pylon  
  44  3:41  Mothership Core  
  46  3:44  Pylon  
  46  3:46  Pylon  
  46  3:50  Probe  
  46  3:52  Observer (Chrono Boost)  
  48  4:01  Probe  
  48  4:02  Probe  
  50  4:07  Adept  
  52  4:10  Disruptor (Chrono Boost)  
  52  4:11  Probe  
  52  4:14  Probe  
  57  4:18  Gravitic Drive  
  57  4:19  Pylon  
  57  4:22  Probe  
  58  4:26  Probe  
  59  4:32  Probe  
  59  4:38  Probe  
  61  4:41  Disruptor (Chrono Boost)  
  61  4:42  Nexus  
  61  4:43  Probe, Pylon  
  65  4:50  Probe  
  66  4:53  Probe  
  66  4:59  Sentry  
  67  5:02  Probe, Gateway  
  67  5:04  Gateway  
  67  5:05  Probe  
  65  5:14  Probe, Pylon  
  65  5:16  Probe, Observer (Chrono Boost)  
  68  5:22  Stalker  
  68  5:26  Twilight Council, Probe x2  
  68  5:27  Forge  
  72  5:33  Assimilator  
  76  5:37  Observer (Chrono Boost)  
  76  5:38  Probe, Assimilator  
  74  5:43  Probe  
  74  5:44  Gateway  
  74  5:46  Gateway  
  74  5:47  Gateway  
  75  5:50  Protoss Ground Armor Level 1 (Chrono Boost)  
  75  5:51  Probe  
  75  5:54  Probe  
  75  5:55  Probe  
  77  5:58  Immortal (Chrono Boost)  
  77  6:03  Probe  
  83  6:05  Pylon  
  83  6:09  Pylon  
  83  6:11  Blink (Chrono Boost)  
  83  6:12  Probe  
  83  6:13  Probe  
  83  6:16  Probe  
  86  6:23  Stalker x2  
  86  6:24  Probe  
  91  6:27  Probe  
  91  6:30  Immortal  
  92  6:33  Forge  
  96  6:40  Pylon  
  96  6:43  Pylon  
  96  6:46  Pylon, Photon Cannon  
  96  6:49  Stalker x2  
  100  6:58  Gateway x2  
  100  7:02  Protoss Ground Weapons Level 1 (Chrono Boost)  
  100  7:09  Gateway x2, Immortal  
  104  7:16  Templar Archives  
  104  7:19  Pylon  
  104  7:27  Stalker x4  
  112  7:41  Stalker x2  
  116  7:44  Protoss Ground Armor Level 2 (Chrono Boost)  
  116  7:48  Immortal  
  116  7:50  Charge (Chrono Boost)  
  120  7:52  Pylon  
  120  8:10  Nexus, Photon Cannon  
  120  8:22  High Templar x3  
  120  8:23  Zealot x3, High Templar  
  120  8:24  Zealot x3  
  140  8:27  Archon x2  
  140  8:31  Pylon  
  140  8:32  Pylon  
  140  8:43  Pylon x2  
  140  8:44  Pylon  
  140  8:51  High Templar x4  
  140  8:52  Stalker x2  
  152  8:57  Archon x2  
  152  9:01  Immortal  
  148  9:13  Photon Cannon  
  146  9:17  Stalker  
  146  9:18  Stalker x5  
  158  9:25  Mothership Core, Pylon  
  152  9:40  Stalker x3  
  139  9:54  Stalker x4  
  139  9:55  Stalker  
  139  9:56  Warp Prism  
  146  10:05  Probe x3  
  147  10:08  Zealot x5  
  157  10:19  Zealot x5  
  147  10:38  Zealot x5  
  141  10:55  Zealot x5  
  145  10:57  Assimilator  
Show
View Real Time Build Order
Export as new Build Order

Dayshi Terran 

Build Orders: MMM Bio 

Get SALT Encoding   

  12  0:00  SCV  
  13  0:13  SCV  
  14  0:18  Supply Depot  
  14  0:25  SCV  
  15  0:40  SCV, Barracks  
  16  0:43  Refinery  
  16  0:52  SCV  
  17  1:04  SCV  
  18  1:16  SCV  
  19  1:28  Barracks Reactor  
  19  1:29  Orbital Command  
  19  1:39  Command Center  
  19  1:50  Supply Depot  
  19  1:54  SCV  
  20  2:04  Marine x2  
  20  2:06  SCV  
  23  2:10  Factory  
  23  2:15  Refinery  
  23  2:19  SCV  
  24  2:24  Marine x2  
  26  2:31  SCV  
  27  2:43  SCV  
  28  2:51  Orbital Command  
  28  2:54  Factory Tech Lab, Starport  
  28  2:55  SCV  
  29  3:07  SCV  
  30  3:13  Cyclone  
  30  3:16  SCV  
  30  3:19  SCV, Marine x2  
  37  3:28  SCV  
  38  3:34  Supply Depot  
  38  3:35  Command Center  
  38  3:36  SCV  
  38  3:40  Supply Depot  
  39  3:41  Marine  
  39  3:44  Marine  
  39  3:45  SCV  
  42  3:49  SCV  
  42  3:52  Raven  
  45  3:58  Barracks  
  45  4:01  SCV  
  45  4:02  SCV, Widow Mine  
  49  4:07  Marine x2  
  51  4:13  SCV  
  51  4:14  SCV  
  53  4:21  Supply Depot  
  53  4:22  Engineering Bay  
  53  4:23  Refinery  
  53  4:27  Marine  
  53  4:29  Marine  
  54  4:34  SCV  
  54  4:35  SCV  
  53  4:46  SCV  
  53  4:48  SCV  
  53  4:58  SCV  
  53  5:01  SCV  
  53  5:03  Orbital Command  
  53  5:05  Stimpack  
  52  5:10  SCV  
  52  5:13  SCV  
  50  5:19  Barracks, Liberator  
  50  5:22  SCV  
  50  5:23  Marauder  
  50  5:25  SCV  
  50  5:27  Terran Infantry Weapons Level 1  
  54  5:31  SCV  
  54  5:34  SCV  
  56  5:37  SCV  
  56  5:38  Marine  
  56  5:40  Marine  
  62  5:43  SCV  
  62  5:44  Factory Tech Lab  
  62  5:47  SCV, Refinery  
  62  5:49  Supply Depot, SCV  
  65  5:56  SCV  
  63  5:59  SCV  
  63  6:01  SCV, Missile Turret  
  65  6:06  Missile Turret  
  65  6:08  SCV  
  65  6:11  SCV  
  67  6:12  Missile Turret  
  67  6:13  SCV  
  67  6:14  Barracks Tech Lab, Missile Turret  
  67  6:16  Supply Depot  
  68  6:19  Marine x2  
  68  6:22  SCV  
  68  6:23  SCV  
  68  6:24  Starport Reactor  
  72  6:28  Marauder, Orbital Command  
  72  6:30  Barracks  
  72  6:31  SCV  
  75  6:35  Combat Shields  
  75  6:40  Marauder  
  75  6:41  Marine x2  
  75  6:44  SCV x2  
  81  6:53  SCV, Missile Turret  
  82  6:56  SCV x2  
  82  6:58  Armory  
  82  6:59  Marauder  
  86  7:01  Engineering Bay  
  86  7:05  SCV  
  86  7:08  SCV x2, Factory Reactor  
  87  7:14  Medivac x2  
  87  7:15  Missile Turret, Concussive Shells  
  92  7:17  SCV  
  92  7:21  Terran Infantry Armor Level 1  
  93  7:24  Supply Depot  
  93  7:28  Supply Depot  
  93  7:33  SCV x3  
  93  7:34  Supply Depot, Marauder  
  98  7:38  Liberator  
  97  7:45  Supply Depot, Liberator  
  97  7:46  SCV x3  
  97  7:48  Command Center, Terran Infantry Weapons Level 2  
  100  7:51  Barracks  
  100  7:58  SCV x3  
  105  8:00  Factory Reactor  
  105  8:04  Marauder  
  111  8:06  Marauder  
  111  8:08  Marauder  
  111  8:10  SCV, Marine x2  
  115  8:22  SCV  
  115  8:24  Refinery  
  115  8:25  Refinery  
  115  8:26  Marauder  
  118  8:28  Missile Turret, Marauder  
  118  8:30  Supply Depot  
  118  8:32  Barracks  
  120  8:35  Supply Depot, Marauder, Marine  
  120  8:38  Medivac  
  125  8:42  Marine x2  
  125  8:45  Medivac  
  125  8:46  Marine  
  125  8:47  Marauder  
  125  8:48  Supply Depot  
  132  8:52  Marauder  
  134  8:57  Marauder  
  134  8:58  Liberator x2  
  134  9:00  Marine x2  
  138  9:08  Marauder  
  135  9:10  Marine  
  135  9:13  Marauder  
  135  9:16  Widow Mine  
  141  9:18  Marauder, Marine x2  
  141  9:23  Marine  
  139  9:28  Marine  
  139  9:30  Marauder  
  142  9:35  Marine, Marauder  
  142  9:36  Marine  
  146  9:39  Marauder  
  146  9:40  Marine  
  146  9:44  Liberator  
  146  9:45  Widow Mine x2  
  135  9:46  Marine  
  135  9:51  Marauder  
  117  9:53  Marine x2  
  117  9:56  Marauder  
  117  9:58  Marine, Medivac  
  119  10:01  Marauder  
  119  10:04  Marine  
  122  10:07  Orbital Command  
  122  10:09  Missile Turret  
  122  10:11  Marine x2  
  122  10:12  Missile Turret, Marauder  
  126  10:16  Marine, Widow Mine  
  126  10:17  Marauder, Widow Mine  
  133  10:22  Marauder, Marine  
  119  10:29  Marine x2  
  119  10:34  Marauder, Marine  
  100  10:39  Marauder  
  91  10:44  Marauder  
  91  10:47  Marine  
  83  10:52  Marine  

Tags
 
Add a new tag
Caveats
  • Supply blocks, unpowered buildings, or Contaminate may cause inaccurate times.
  • Supply counts are checked every 10 seconds.